 Dungeon Crawl Stone Soup version 0.25.1-2-g60ff931df9 (webtiles) character file.

Game seed: 15698360849565630053

1999 lorenzova the Thaumaturge (level 9, -1/45 HPs)
             Began as a Deep Elf Conjurer on Sept 12, 2020.
             Was a Follower of Sif Muna.
             Slain by an orc warrior
             ... wielding a cursed -1 halberd
              (15 damage)
             ... on level 7 of the Dungeon.
             The game lasted 00:13:35 (8313 turns).

lorenzova the Thaumaturge (Deep Elf Conjurer)       Turns: 8313, Time: 00:13:35

Health: -1/45      AC:  6    Str:  5    XL:     9   Next: 2%
Magic:  10/25      EV: 13    Int: 24    God:    Sif Muna [*.....]
Gold:   429        SH:  0    Dex: 15    Spells: 17/28 levels left

rFire    + . .     SeeInvis .   (no weapon)
rCold    . . .     Gourm    .   (no shield)
rNeg     . . .     Faith    .   B - +1 robe {rF+}
rPois    +         Spirit   .   (no helmet)
rElec    .         Reflect  .   g - +2 cloak
rCorr    .         Harm     .   (no gloves)
MR       +....                  (no boots)
Stlth    ++........             (no amulet)
HPRegen  0.15/turn              y - ring of poison resistance
MPRegen  0.19/turn              z - ring of protection from magic

@: no status effects
A: no striking features
a: Channel Magic, Renounce Religion


You were on level 7 of the Dungeon.
You worshipped Sif Muna.
Sif Muna was aware of your devotion.
You were very hungry.

You visited 2 branches of the dungeon, and saw 8 of its levels.

You collected 429 gold pieces.

Inventory:

Armour
 a - a +0 robe
 g - a +2 cloak (worn)
 l - a cursed +0 ring mail
 B - a +1 robe of fire resistance (worn)
Jewellery
 y - a ring of poison resistance (left hand)
 z - a ring of protection from magic (right hand)
Wands
 o - a wand of flame (31)
 v - a wand of polymorph (9)
Scrolls
 b - 4 scrolls of fog
 h - a scroll of identify
 k - a scroll of random uselessness {unknown}
 m - 2 scrolls of noise {unknown}
 n - 2 scrolls of amnesia {unknown}
 p - a scroll of enchant armour {unknown}
 q - 3 scrolls of teleportation {unknown}
 r - a scroll of blinking {unknown}
 s - 3 scrolls of immolation {unknown}
 t - a scroll of fear {unknown}
 u - 4 scrolls of remove curse {unknown}
 w - a scroll of magic mapping {unknown}
 A - a scroll of enchant weapon {unknown}
Potions
 d - 3 potions of curing
 e - a potion of might
 f - 3 potions of stabbing
 i - a potion of brilliance {unknown}
 j - 2 potions of invisibility {unknown}
 x - 2 potions of haste {unknown}
Comestibles
 c - 13 rations


   Skills:
 - Level 2.4 Dodging
 - Level 2.4 Stealth
 * Level 10.2 Spellcasting
 * Level 9.5 Conjurations
 + Level 4.2 Hexes
 + Level 3.5 Translocations


You had 17 spell levels left.
You knew the following spells:

 Your Spells              Type           Power        Failure   Level  Hunger
a - Magic Dart            Conj           ####         1%          1    None
b - Searing Ray           Conj           ######       1%          2    None
c - Iskenderun's Mystic   Conj/Tloc      #####...     3%          4    #......
d - Fulminant Prism       Conj/Hex       #####.....   3%          4    #......

Your spell library contained the following spells:

 Spells                   Type           Power        Failure   Level  Hunger
 Shock                    Conj/Air       ####         1%          1    None
 Dazzling Flash           Conj/Hex       #####.       1%          3    None
 Static Discharge         Conj/Air       #####...     2%          3    None
 Swiftness                Chrm/Air       ##......     8%          2    None
 Lightning Bolt           Conj/Air       #####.....   21%         5    ####...
 Airstrike                Air            ##........   45%         4    #......


Dungeon Overview and Level Annotations

Branches:
Dungeon (7/15)             Temple (1/1) D:5

Altars:
Ashenzari
Cheibriados
Elyvilon
Fedhas
Gozag
Hepliaklqana
Kikubaaqudgha
Makhleb
Nemelex Xobeh
Okawaru
Qazlal
Ru
Sif Muna
Trog
Uskayaw
Wu Jian
Xom
Yredelemnul
Zin


Message History

Casting: Searing Ray (safe; 1% risk of failure)
Confirm with . or Enter, or press ? or * to list all spells.
Okay, then.
The searing ray misses the orc warrior.
You finish channeling your searing ray.
Casting: Searing Ray (safe; 1% risk of failure)
Confirm with . or Enter, or press ? or * to list all spells.
Aiming: Searing Ray (safe; 1% risk of failure)
Press: ? - help, Shift-Dir - straight line, f - orc warrior
Aim: an orc warrior, wielding a -1 halberd and wearing a +0 chain mail The searing ray hits the orc warrior!
The orc warrior is heavily wounded. (Press . to maintain the ray.)
The orc warrior hits you from afar with a cursed -1 halberd!
The searing ray hits the orc warrior!
The orc warrior is severely wounded.
The orc warrior hits you from afar with a cursed -1 halberd!
The searing ray hits the orc warrior.
The orc warrior is almost dead.
The orc warrior hits you from afar with a cursed -1 halberd!
You die...

### #.#. #.#.. #
#.#.# .# #
###..c. .. # ..
..^..# .# # #.#
.)). .. # #.###
#o###.# # #...
o.##))@..#
#####.#
#.##(#####
......# #.##.#
...(..## #.##.#
.......# #.##.#
#####..#
#.##.##### #
#..####†.......#
#...........$..#
#.####.#.......#


You could see an orc warrior.

Vanquished Creatures
  A water moccasin (D:5)
  2 sky beasts
  2 orc warriors
  2 ogres
  2 centaurs
  2 bullfrogs
  A scorpion (D:7)
  A howler monkey (D:4)
  2 crimson imps (D:6)
  3 jellies
  A hound (D:6)
  4 orc priests
  9 orc wizards
  A bullfrog skeleton (D:4)
  Natasha (twice) (D:4)
  Terence (D:3)
  An iguana (D:5)
  Ijyb (D:3)
  2 worker ants
  A hound zombie (D:7)
  A worker ant zombie (D:6)
  8 adders
  An adder skeleton (D:7)
  2 worms
  2 dart slugs
  6 leopard geckos
  17 orcs
  2 ball pythons
  10 bats
  5 giant cockroaches
  7 goblins
  6 hobgoblins
  13 jackals
  6 quokkas
  5 frilled lizards
  5 kobolds
  A leopard gecko skeleton (D:6)
  A leopard gecko zombie (D:6)
  A quokka zombie (D:5)
  7 rats
147 creatures vanquished.

Notes
Turn   | Place    | Note
-------+----------+-------------------------------------------
     0 | D:1      | lorenzova the Deep Elf Conjurer began the quest for the
                  | Orb.
     0 | D:1      | Reached XP level 1. HP: 10/10 MP: 6/6
   220 | D:1      | Reached XP level 2. HP: 15/15 MP: 5/8
   419 | D:1      | Learned a level 2 spell: Searing Ray
  1133 | D:2      | Reached skill level 4 in Spellcasting
  1133 | D:2      | Reached skill level 5 in Conjurations
  1133 | D:2      | Reached XP level 3. HP: 19/19 MP: 2/10
  1204 | D:2      | Found a glowing silver altar of Zin.
  1837 | D:2      | Found a sparkling altar of Nemelex Xobeh.
  2568 | D:3      | Noticed Ijyb
  3216 | D:3      | Noticed Terence
  3224 | D:3      | Killed Terence
  3224 | D:3      | Reached XP level 4. HP: 24/24 MP: 2/12
  3389 | D:3      | Killed Ijyb
  3389 | D:3      | Reached skill level 5 in Spellcasting
  3873 | D:4      | Reached XP level 5. HP: 28/28 MP: 8/14
  4115 | D:4      | Reached skill level 6 in Spellcasting
  4471 | D:4      | Noticed Natasha
  4473 | D:4      | Killed Natasha
  4473 | D:4      | Reached XP level 6. HP: 32/32 MP: 14/17
  4783 | D:4      | Noticed Natasha
  4788 | D:4      | Killed Natasha
  5007 | D:5      | Entered Level 5 of the Dungeon
  5045 | D:5      | Noticed a sky beast
  5059 | D:5      | Killed a sky beast
  5059 | D:5      | Reached skill level 7 in Spellcasting
  5362 | D:5      | Noticed a water moccasin
  5372 | D:5      | Killed a water moccasin
  5372 | D:5      | Reached XP level 7. HP: 23/36 MP: 8/20
  5556 | D:5      | Reached skill level 8 in Spellcasting
  5589 | D:5      | Learned a level 4 spell: Iskenderun's Mystic Blast
  5594 | D:5      | Learned a level 4 spell: Fulminant Prism
  5741 | D:5      | Found a stormy altar of Qazlal.
  5778 | D:5      | Found a staircase to the Ecumenical Temple.
  5795 | Temple   | Entered the Ecumenical Temple
  5802 | Temple   | Became a worshipper of Sif Muna the Loreminder
  6174 | D:6      | Reached skill level 1 in Hexes
  6358 | D:6      | Found a blossoming altar of Fedhas.
  6461 | D:6      | Reached skill level 1 in Translocations
  6735 | D:6      | Reached XP level 8. HP: 41/41 MP: 17/22
  6824 | D:6      | Reached skill level 9 in Spellcasting
  6846 | D:6      | Reached * piety under Sif Muna
  7255 | D:6      | Found a burning altar of Makhleb.
  8083 | D:7      | Reached skill level 10 in Spellcasting
  8309 | D:7      | Reached XP level 9. HP: 33/45 MP: 15/25
  8313 | D:7      | Slain by an orc warrior

Illustrated notes

Levels and vault maps discovered:
D:1:      zaba_arrival_water, layout_basic, minmay_worlds_worst_comb
D:2:      layout_basic, old_standard_altar, old_standard_altar
D:3:      layout_basic, uniq_ijyb, uniq_terence
D:4:      layout_basic, first_ration, chequers_avenue, chequers_garden,
          uniq_natasha
D:5:      layout_cave_pools, minmay_temple_entry_trees, grunt_qazlal_clouds
D:6:      layout_loops_corners, nicolae_overflow_hidden_temple, kennysheep_mini,
          makhleb_heckhound_becter
D:7:      layout_loops_ring, overflow_temple_1_default,
          nicolae_ossuary_entry_false_entrances, elyvilon_altar_5
Temple:   nicolae_temple_no_exploring_needed

Skill      XL: |  1  2  3  4  5  6  7  8 |
---------------+-------------------------+-----
Spellcasting   | 4 5 6 7 8 10 | 10.2
Conjurations   | 5 6 7 8 9 |  9.5
Hexes          | 2 4 |  4.2
Translocations | 1 3 |  3.5
Dodging        | |  2.4
Stealth        | |  2.4

Action                   |  1- 3 |  4- 6 |  7- 9 || total
-------------------------+-------+-------+-------++-------
 Cast: Magic Dart        |    85 |    87 |    95 ||   267
       Searing Ray       |     2 |    12 |    24 ||    38
  Use: Scroll            |       |     4 |     1 ||     5
  Eat: Chunk             |     5 |     8 |     8 ||    21
Armor: Robe              |     2 |     3 |    15 ||    20
Dodge: Dodged            |     9 |    13 |    27 ||    49
